 Dungeon Crawl Stone Soup version 0.21-a0-442-g848f44b (webtiles) character file.

21 vishdafish the Charmwright (level 2, 0/22 HPs)
             Began as a Demonspawn Skald on Nov 12, 2017.
             Splashed by a jelly's acid (4 damage)
             ... on level 2 of the Dungeon.
             The game lasted 00:01:09 (370 turns).

vishdafish the Charmwright (Demonspawn Skald)        Turns: 370, Time: 00:01:09

Health: 0/22       AC:  2    Str: 11    XL:     2   Next: 62%
Magic:  1/5        EV: 11    Int: 14    God:
Gold:   38         SH:  0    Dex: 12    Spells: 4/5 levels left

rFire    . . .     SeeInvis .   a - +0 hand axe
rCold    . . .     Gourm    .   (no shield)
rNeg     . . .     Faith    .   o - +0 scale mail (curse)
rPois    .         Spirit   .   (no helmet)
rElec    .         Reflect  .   (no cloak)
rCorr    .         Harm     .   (no gloves)
MR       .....                  (no boots)
Stlth    ..........             (no amulet)
HPRegen  0.07/turn              g - +2 ring of evasion
MPRegen  0.09/turn              h - ring of flight

@: infused, corroded
A: claws 1
a: Evoke Flight


You were on level 2 of the Dungeon.
You were not hungry.

You visited 1 branch of the dungeon, and saw 2 of its levels.

You collected 38 gold pieces.

Inventory:

Hand Weapons
 a - a +0 hand axe (weapon)
Armour
 b - a +0 leather armour
 o - a cursed +0 scale mail (worn)
Jewellery
 g - a +2 ring of evasion (left claw)
 h - a ring of flight (right claw)
Scrolls
 i - a scroll of random uselessness {unknown}
 n - a scroll of teleportation
Potions
 e - a potion of lignification {unknown}
 j - 3 potions of curing {unknown}
 l - a potion of mutation {unknown}
 m - a potion of cancellation {unknown}
 p - a potion of heal wounds {unknown}
Books
 c - a book of Battle

   Spells                             Type                      Level
   a - Infusion                       Charms                       1
   b - Shroud of Golubria             Charms/Translocation         2
   c - Song of Slaying                Charms                       2
   d - Spectral Weapon                Hexes/Charms                 3
   e - Regeneration                   Charms/Necromancy            3
Comestibles
 d - a bread ration
 f - 2 meat rations
 k - 4 fruits


   Skills:
 - Level 2.0 Fighting
 * Level 2.3 Axes
 + Level 1.2 Armour
 + Level 2.0 Dodging
 - Level 2.0 Spellcasting
 + Level 2.9 Charms


You had 4 spell levels left.
You knew the following spells:

 Your Spells              Type           Power        Failure   Level  Hunger
a - Infusion              Chrm           #...         38%         1    ##.....


Dungeon Overview and Level Annotations

Branches:
Dungeon (2/15)

Altars:


Innate Abilities, Weirdness & Mutations

You have sharp fingernails.


Message History

You hit the jelly!
Your claws burn!
The jelly is severely wounded.
The jelly hits you. The acid corrodes you!
You are splashed with acid!
The acid burns!
* * * LOW HITPOINT WARNING * * *
You are too injured to fight recklessly!
You are too injured to fight recklessly!
You are too injured to fight recklessly!
You are too injured to fight recklessly!
You are too injured to fight recklessly!
You are too injured to fight recklessly!
You are too injured to fight recklessly!
You are too injured to fight recklessly!
You are too injured to fight recklessly!
You are too injured to fight recklessly!
You are too injured to fight recklessly!
You are too injured to fight recklessly!
You are too injured to fight recklessly!
You hit the jelly.
Your claws burn!
You die...

#.# #.# #. #####.# # #.
......### .#.# ###.....#
#..### ##.###)# .....
##..# #.# ##..#
#...###.#######...####..
.<..............@J......
#...#.#########...####..
......# #..## ###.###
#.## #.# #.# #.# #.# .#
#.# #.#


You could see a jelly.

Vanquished Creatures
  A dart slug (D:1)
  A giant cockroach (D:1)
  3 goblins (D:1)
  4 hobgoblins (D:1)
  A bat (D:1)
  3 kobolds (D:1)
  5 rats (D:1)
18 creatures vanquished.

Notes
Turn   | Place    | Note
-------+----------+-------------------------------------------
     0 | D:1      | vishdafish the Demonspawn Skald began the quest for the Orb.
     0 | D:1      | Reached XP level 1. HP: 16/16 MP: 3/3
    18 | D:1      | Reached skill level 1 in Armour
    96 | D:1      | Gained mutation: You have sharp fingernails. [demonic ancestry]
    96 | D:1      | Reached XP level 2. HP: 16/22 MP: 5/5
   370 | D:2      | Splashed by a jelly's acid

Vault maps used:
D:1:      tarquinn_simple_flora_water_e, item_on_display_a
D:2:      first_bread, roderic_roman_lattice

Skill      XL: |  1  2 |
---------------+-------+-----
Armour         | 1 |  1.2
Axes           | 2 |  2.3
Dodging        | 2 |  2.0
Fighting       | |  2.0
Spellcasting   | |  2.0
Charms         | |  2.9

Action                   || total
-------------------------++-------
Melee: Hand axe          ||    55
 Cast: Infusion          ||     1
  Use: Scroll            ||     1
Armor: Leather armour    ||     7
       Scale mail        ||     5
Dodge: Dodged            ||    55

Table legend:
 A = Spawn XP
 B = Non-spawn XP
 C = Spawn XP percentage of total XP
 D = Spawn monster count
 E = Non-spawn monster count
 F = Spawn count percentage of total count
 G = Total turns spent on level
                    A         B        C        D         E        F      G
               +---------+---------+-------+---------+---------+-------+---------
         Total |       0 |      30 |   0.0 |       0 |      18 |   0.0 |   370
               +---------+---------+-------+---------+---------+-------+---------
           D:1 |       0 |      30 |   0.0 |       0 |      18 |   0.0 |   348
               +---------+---------+-------+---------+---------+-------+---------
